 Dungeon Crawl Stone Soup version 0.22.0 (webtiles) character file.

4001 Jannitor the Reanimator (level 10, -10/86 HPs)
             Began as a Ghoul Necromancer on Aug 10, 2018.
             Was a Follower of Uskayaw.
             Mangled by a death yak (12 damage)
             ... on level 8 of the Dungeon.
             The game lasted 00:29:34 (11123 turns).

Jannitor the Reanimator (Ghoul Necromancer)        Turns: 11123, Time: 00:29:35

Health: -10/86     AC: 11    Str: 10    XL:     10   Next: 23%
Magic:  3/14       EV: 11    Int: 13    God:    Uskayaw [*.....]
Gold:   435        SH:  0    Dex:  9    Spells: 8/16 levels left

rFire    + + +     SeeInvis .     - Unarmed
rCold    + + +     Gourm    .   (no shield)
rNeg     + + +     Faith    .   j - +0 ring mail
rPois    ∞         Spirit   .   y - +0 helmet
rElec    .         Reflect  .   x - +1 cloak
rCorr    .         Harm     .   (no gloves)
MR       .....                  w - +1 pair of boots of Shielding {+Fly rF+++ Str-3 Stlth+}
Stlth    ++........             (no amulet)
HPRegen  0.00/turn              r - ring of protection from cold
MPRegen  0.14/turn              v - ring of protection from cold

@: rotting, hasted, very quick
A: rotting body, claws 1, carnivore, cold resistance 1, negative energy
resistance 3, inhibited regeneration, torment resistance, unbreathing
a: Stomp, Renounce Religion, Evoke Flight


You were on level 8 of the Dungeon.
You worshipped Uskayaw.
Uskayaw was noncommittal.
You were not hungry.

You visited 2 branches of the dungeon, and saw 10 of its levels.

You collected 435 gold pieces.

Inventory:

Hand Weapons
 d - a +1 hunting sling
Missiles
 e - 176 stones (quivered)
 q - 53 sling bullets
 G - a throwing net
Armour
 a - a +0 robe
 j - a +0 ring mail (worn)
 t - a +0 shield
 w - the +1 pair of boots of Shielding (worn) {+Fly rF+++ Str-3 Stlth+}
   (You found it on level 4 of the Dungeon)

   It affects your strength (-3).
   It renders you almost immune to fire.
   It lets you fly.
   It makes you more stealthy.
 x - a +1 cloak (worn)
 y - a +0 helmet (worn)
 H - a +0 large shield
Jewellery
 r - a ring of protection from cold (left claw)
 u - an uncursed ring of fire
 v - a ring of protection from cold (right claw)
Wands
 m - a wand of flame (26)
 A - a wand of clouds (5)
 B - a wand of random effects (25)
 F - a wand of acid (7)
Scrolls
 b - 2 scrolls of enchant armour
 g - 2 scrolls of fog
 k - 8 scrolls of remove curse
 n - a scroll of enchant weapon
 o - 7 scrolls of identify
 p - a scroll of teleportation
 s - 3 scrolls of magic mapping
 D - 2 scrolls of amnesia
Potions
 i - a potion of might
 l - a potion of flight
 z - 2 potions of mutation {unknown}
 C - a potion of berserk rage {unknown}
 E - a potion of brilliance
Comestibles
 c - 13 rations


   Skills:
 + Level 7.3 Fighting
 + Level 5.1 Armour
 - Level 2.4 Dodging
 - Level 2.1 Stealth
 + Level 6.6 Unarmed Combat
 - Level 3.5 Spellcasting
 + Level 8.0 Necromancy
 + Level 4.3 Evocations


You had 8 spell levels left.
You knew the following spells:

 Your Spells              Type           Power        Failure   Level  Hunger
a - Pain                  Necr           ###.         1%          1    #......
b - Animate Skeleton      Necr           N/A          1%          1    #......
c - Vampiric Draining     Necr           ###.......   5%          3    ###....
d - Regeneration          Chrm/Necr      ##........   28%         3    ###....

Your spell library contained the following spells:

 Spells                   Type           Power        Failure   Level  Hunger
 Animate Dead             Necr           N/A          19%         4    #####..
 Spider Form              Tmut/Pois      #.........   83%         3    ###....
 Blade Hands              Tmut           #.........   100%        5    ######.
 Ice Form                 Ice/Tmut       #.......     99%         4    #####..
 Sticks to Snakes         Tmut           #.......     61%         2    ##.....
 Beastly Appendage        Tmut           #.....       45%         1    #......


Dungeon Overview and Level Annotations

Branches:
Dungeon (9/15)             Temple (1/1) D:6
   Lair: D:8-11         Orc: D:9-12

Altars:
Ashenzari
Cheibriados
Dithmenos
Elyvilon
Fedhas
Gozag
Hepliaklqana
Kikubaaqudgha
Makhleb
Nemelex Xobeh
Okawaru
Qazlal
Ru
Sif Muna
Trog
Uskayaw
Vehumet
Wu Jian
Xom
Yredelemnul
Zin
The Shining One

Annotations:
D:2 1 runed door


Innate Abilities, Weirdness & Mutations

Your body is rotting away.
You thrive on raw meat.
You are immune to poison.
You have sharp fingernails.
You are carnivorous and can eat meat at any time.
Your flesh is cold resistant. (rC+)
You are immune to negative energy. (rN+++)
You do not regenerate when monsters are visible.
You are immune to unholy pain and torment.
You can survive without breathing.


Message History

Unknown command.
Casting: Animate Skeleton (safe; 1% risk of failure)
Confirm with . or Enter, or press ? or * to list all spells.
Okay, then.
Okay, then.
You feel much better. The killer bee stings you.
The death yak gores you but does no damage.
The killer bee barely misses you. The death yak gores you!!
* * * LOW HITPOINT WARNING * * *
You feel yourself speed up.
The killer bee stings you but does no damage.
The death yak gores you!!
* * * LOW HITPOINT WARNING * * *
The killer bee closely misses you.
The death yak gores you but does no damage.
The death yak gores you.
* * * LOW HITPOINT WARNING * * *
The killer bee closely misses you. x2
The death yak gores you!
You die...

#..................#########
#........########### ###
#...##.#.# ### #.#
####...##.#.# #.# #.#
#....<....#.###### #.# #.#
...............>.# #.# #.#
#######.###.##..Y# #.# #.#
.........##.##.Yy# #.# #.#
#######...#.##..@#####.######.#
#.#.#.##................#
#.#.#.##....#.##.######.#
#...........#.##.# #.##.##
#.##..##....#.##.# #.##..# ###
#.##........#.##.# #.##..# ..##
#.##.###....#.##.# #.##..#
...## #.##.# #....#.##.#
#.##..# #...#
####.###....#.##.# #.....#


You could see 2 death yaks and a killer bee.

Vanquished Creatures
  A two-headed ogre (D:8)
  A slime creature (D:8)
  A porcupine (D:9)
  2 black bears
  A phantom (D:4)
  An ogre (D:6)
  A crocodile (D:8)
  4 centaurs
  A bullfrog (D:8)
  3 scorpions
  7 killer bees
  5 howler monkeys
  2 crimson imps (D:6)
  2 bullfrog zombies
  3 hounds (D:5)
  A quasit (D:7)
  3 orc wizards
  3 centaur skeletons
  2 jellies
  4 orc priests
  A gnoll shaman (D:7)
  A bullfrog skeleton (D:7)
  2 iguanas
  8 worker ants
  A hell rat (D:9)
  A killer bee zombie (D:8)
  2 hound skeletons
  A howler monkey skeleton (D:6)
  3 worker ant zombies
  6 gnolls (D:7)
  14 adders
  A shadow imp (D:6)
  An ooze (D:1)
  5 worms
  4 dart slugs
  4 leopard geckos
  25 orcs
  7 giant cockroaches
  3 goblins
  7 hobgoblins
  A jackal (D:8)
  9 kobolds
  3 quokkas
  3 bats
  4 frilled lizards
  A leopard gecko zombie (D:6)
  7 rats
173 creatures vanquished.

Vanquished Creatures (collateral kills)
  A hippogriff (D:7)
  An orc warrior (D:8)
  A black bear (D:8)
  An ogre (D:4)
  A howler monkey (D:8)
  A hound (D:8)
  A bullfrog skeleton (D:4)
  A gnoll (D:7)
  An adder (D:8)
  A shadow imp (D:5)
  An orc (D:3)
  A hobgoblin (D:2)
12 creatures vanquished.

Grand Total: 185 creatures vanquished

Notes
Turn   | Place    | Note
-------+----------+-------------------------------------------
     0 | D:1      | Jannitor the Ghoul Necromancer began the quest for the Orb.
     0 | D:1      | Reached XP level 1. HP: 14/14 MP: 2/2
   386 | D:1      | Reached skill level 1 in Fighting
   581 | D:1      | Reached XP level 2. HP: 18/22 MP: 0/3
  1368 | D:2      | Reached XP level 3. HP: 24/29 MP: 0/4
  1680 | D:2      | Found a runed door.
  1785 | D:2      | Learned a level 1 spell: Animate Skeleton
  1789 | D:2      | Learned a level 3 spell: Vampiric Draining
  1886 | D:2      | Reached XP level 4. HP: 34/37 MP: 3/5
  2428 | D:3      | Reached skill level 5 in Necromancy
  2745 | D:3      | Reached XP level 5. HP: 45/45 MP: 6/6
  3062 | D:3      | Reached skill level 1 in Unarmed Combat
  3613 | D:2      | Reached XP level 6. HP: 39/46 MP: 3/8
  4180 | D:3      | Learned a level 3 spell: Regeneration
  4998 | D:4      | Noticed a black bear
  5077 | D:4      | Got a pair of scorched boots
  5089 | D:3      | Identified the +1 pair of boots of Shielding {+Fly rF+++ Str-3 Stlth+} (You found it on level 4 of the Dungeon)
  5211 | D:4      | Noticed a phantom
  5219 | D:4      | Reached XP level 7. HP: 36/53 MP: 1/10
  5398 | D:4      | Reached skill level 1 in Armour
  5860 | D:4      | Reached skill level 6 in Necromancy
  6079 | D:4      | Found a shadowy altar of Dithmenos.
  6272 | D:5      | Entered Level 5 of the Dungeon
  6284 | D:5      | Reached XP level 8. HP: 27/67 MP: 1/12
  6755 | D:5      | Reached skill level 5 in Fighting
  7327 | D:6      | Reached skill level 1 in Evocations
  7343 | D:6      | Found an ancient bone altar of Kikubaaqudgha.
  7884 | D:6      | Found a staircase to the Ecumenical Temple.
  7889 | Temple   | Entered the Ecumenical Temple
  8175 | Temple   | Became a worshipper of Uskayaw the Reveler
  8263 | D:6      | Reached * piety under Uskayaw
  8589 | D:7      | Reached ** piety under Uskayaw
  8794 | D:7      | Reached *** piety under Uskayaw
  8801 | D:7      | Reached **** piety under Uskayaw
  8808 | D:7      | Reached XP level 9. HP: 42/75 MP: 11/13
  8808 | D:7      | Reached ***** piety under Uskayaw
  8844 | D:7      | Reached skill level 5 in Unarmed Combat
  8848 | D:7      | Reached skill level 7 in Necromancy
  9698 | D:8      | Noticed a troll
 10435 | D:8      | Noticed a two-headed ogre
 10443 | D:8      | Killed a two-headed ogre
 10443 | D:8      | Reached XP level 10. HP: 48/86 MP: 3/14
 10581 | D:8      | Reached skill level 5 in Armour
 10982 | D:9      | Noticed a two-headed ogre
 11060 | D:9      | Reached skill level 8 in Necromancy
 11100 | D:9      | Noticed a death yak
 11108 | D:9      | Noticed a death yak
 11110 | D:9      | Noticed a death yak
 11121 | D:8      | HP: 2/86 [death yak (4)]
 11123 | D:8      | Mangled by a death yak

Skill      XL: |  1  2  3  4  5  6  7  8  9 10 |
---------------+-------------------------------+-----
Fighting       | 1 2 3 4 5 7 |  7.3
Necromancy     | 5 6 7 8 |  8.0
Dodging        | 2 |  2.4
Spellcasting   | 2 3 |  3.5
Unarmed Combat | 1 2 3 4 6 |  6.6
Armour         | 2 3 4 5 |  5.1
Evocations     | 2 4 |  4.3
Stealth        | |  2.1

Action                   |  1- 3 |  4- 6 |  7- 9 | 10-12 || total
-------------------------+-------+-------+-------+-------++-------
Melee: Unarmed           |    13 |    90 |   615 |    50 ||   768
       Punch             |       |       |     6 |     2 ||     8
 Fire: Hunting sling     |    87 |   138 |       |       ||   225
 Cast: Pain              |    42 |    41 |    12 |       ||    95
       Animate Skeleton  |     2 |     7 |    22 |     6 ||    37
       Vampiric Draining |       |    17 |    30 |     7 ||    54
Evoke: Wand              |       |       |     7 |     5 ||    12
  Use: Potion            |       |     3 |     2 |     2 ||     7
       Scroll            |       |     2 |    12 |       ||    14
 Stab: Sleeping          |       |       |     7 |       ||     7
       Paralysed         |       |       |     7 |     1 ||     8
       Distracted        |       |       |       |     2 ||     2
  Eat: Chunk             |     4 |    11 |    33 |     9 ||    57
       Ration            |       |     1 |     1 |       ||     2
Armor: Robe              |     9 |    17 |       |       ||    26
       Ring mail         |       |    22 |   322 |    32 ||   376
Dodge: Dodged            |    41 |    85 |   363 |    42 ||   531
